 Dungeon Crawl Stone Soup version 0.30-a0-879-ga8ba668304 (webtiles) character file.

Game seed: 7739701310739644373

20827 mandoloar the Thaumaturge (level 12, -8/92 HPs)
             Began as a Gnoll Earth Elementalist on Mar 14, 2023.
             Was a Priest of Vehumet.
             Killed from afar by a rime drake (19 damage)
             ... with an icy flash freeze
             ... on level 2 of the Lair of Beasts.
             The game lasted 00:46:34 (20703 turns).

mandoloar the Thaumaturge (GnEE)                   Turns: 20703, Time: 00:46:35

Health: -8/92      AC: 16    Str:  7    XL:     12   Next: 83%
Magic:  24/25      EV: 16    Int: 23    God:    Vehumet [***...]
Gold:   843        SH:  5    Dex: 20    Spells: 25/29 levels left

rFire   . . .      SeeInvis .    a - +2 short sword "Ennalyal" {freeze, Int+4}
rCold   . . .      Faith    .    (no shield)
rNeg    . . .      Spirit   .    w - +0 acid dragon scales
rPois   .          Reflect  +    G - +0 helmet
rElec   .          Rampage  .    o - +0 cloak
rCorr   +                        J - +2 pair of gloves
Will    +....                    f - +1 pair of boots
Stlth   ++++                     L - amulet of reflection
HPRegen 0.35/turn                E - +6 ring of dexterity
MPRegen 0.19/turn                F - ring of willpower

@: studying Air Magic
A: fangs 1, strong nose, distributed training
a: Renounce Religion


You were on level 2 of the Lair of Beasts.
You worshipped Vehumet.
Vehumet was most pleased with you.
You visited 3 branches of the dungeon, and saw 13 of its levels.

You collected 843 gold pieces.

Inventory:

Hand Weapons
 a - the +2 short sword "Ennalyal" (weapon) {freeze, Int+4}
   (You found it on level 4 of the Dungeon)

   Int:       It affects your intelligence (+4).
 b - a +0 sling of draining
 c - a +4 war axe of freezing
 I - the +5 glaive of the Guard {elec, spectral, AC+5}
   (You took it off a centaur on level 9 of the Dungeon)

   AC:        It affects your AC (+5).
Armour
 f - a +1 pair of boots (worn)
 o - a +0 cloak (worn)
 w - +0 acid dragon scales (worn)
 G - a +0 helmet (worn)
 J - a +2 pair of gloves (worn)
Jewellery
 E - a +6 ring of dexterity (left hand)
 F - a ring of willpower (right hand)
 L - an amulet of reflection (around neck)
Wands
 p - a wand of acid (3)
 q - a wand of flame (15)
 u - a wand of polymorph (18)
 D - a wand of charming (11)
 K - a wand of digging (4)
Scrolls
 i - a scroll of torment {unknown}
 l - 6 scrolls of teleportation
 n - 3 scrolls of amnesia
 v - a scroll of fog
 x - a scroll of acquirement {unknown}
 A - 6 scrolls of identify
 B - a scroll of brand weapon
 H - a scroll of enchant weapon {unknown}
Potions
 d - 2 potions of invisibility
 e - 2 potions of mutation
 g - a potion of might
 h - 3 potions of lignification
 j - 2 potions of heal wounds
 k - a potion of magic
 m - a potion of curing
 r - 3 potions of flight
 s - a potion of haste
 t - a potion of berserk rage
 z - a potion of brilliance {unknown}
 C - 3 potions of attraction {unknown}


   Skills:
 + Level 7.9 Fighting
 + Level 7.9 Short Blades
 + Level 7.9 Long Blades
 + Level 7.9 Axes
 + Level 7.9 Maces & Flails
 + Level 7.9 Polearms
 + Level 7.9 Staves
 + Level 7.9 Ranged Weapons
 + Level 7.9 Throwing
 + Level 7.9 Armour
 + Level 9.2 Dodging
 + Level 9.0 Stealth
 + Level 7.9 Shields
 + Level 7.9 Unarmed Combat
 + Level 9.4 Spellcasting
 + Level 6.6 Conjurations
 + Level 6.6 Hexes
 + Level 6.6 Summonings
 + Level 6.6 Necromancy
 + Level 6.6 Translocations
 + Level 7.0 Transmutations
 + Level 6.6 Fire Magic
 + Level 6.6 Ice Magic
 + Level 8.6 Air Magic
 + Level 8.7 Earth Magic
 + Level 6.6 Poison Magic
 + Level 8.7 Invocations
 + Level 7.9 Evocations


You had 25 spell levels left.
You knew the following spells:

 Your Spells              Type           Power      Damage    Failure   Level
a - Sandblast             Erth           100%       2d20      1%          1
b - Stone Arrow           Conj/Erth      92%        3d12      1%          3

Your spell library contained the following spells:

 Spells                   Type           Power      Damage    Failure   Level
 Airstrike                Air            25%        2d(4-20)  1%          4
 Ensorcelled Hibernation  Hex/Ice        82%        N/A       1%          2
 Passwall                 Tmut/Erth      39%        N/A       1%          2
 Spider Form              Tmut/Pois      42%        N/A       1%          3
 Petrify                  Tmut/Erth      47%        N/A       4%          4
 Anguish                  Hex/Necr       20%        N/A       7%          4


Dungeon Overview and Level Annotations

Branches:
Dungeon (10/15)            Temple (1/1) D:7            Lair (2/5) D:8
  Snake (0/4) Lair:2          Orc (0/2) D:10
  Swamp: Lair:2-3    Shoals: Lair:2-3

Altars:
Ashenzari
Cheibriados
Dithmenos
Elyvilon
Fedhas
Gozag
Hepliaklqana
Kikubaaqudgha
Makhleb
Nemelex Xobeh
Okawaru
Qazlal
Ru
Sif Muna
Trog
Uskayaw
Vehumet
Wu Jian
Xom
Yredelemnul
Zin
The Shining One

Shops:
D:10 !

Annotations:
D:3 2 transporters
D:5 3 runed translucent doors, Valamore's ghost, novice DjCK
D:10 Erolcha
Lair:1 Gastronok


Innate Abilities, Weirdness & Mutations

You have very sharp teeth.
Your uncanny sense of smell can sniff out nearby items.
Your experience applies equally to all skills.


Message History

The rime drake completely misses you.
The rime drake attacks as you move away!
The rime drake closely misses you. The rime drake breathes ice at you.
The icy flash freeze hits you!
* * * LOW HITPOINT WARNING * * *
You are encased in ice.
The rime drake bites you but does no damage.
The rime drake attacks as you move away!
The rime drake closely misses you.
Casting: Stone Arrow (safe; 1% risk of failure)
Confirm with . or Enter, or press ? or * to list all spells.
Aiming: Stone Arrow (safe; 1% risk of failure)
Press: ? - help, Shift-Dir - straight line, f/p - rime drake
Aim: a rime drake (heavily wounded, 70% to hit)
The stone arrow misses the rime drake.
The ice encasing you melts away. You block the rime drake's attack.
The rime drake breathes ice at you. The icy flash freeze hits you!
* * * LOW HITPOINT WARNING * * *
You are encased in ice.
You feel much better. The rime drake misses you.
The ice encasing you melts away. You block the rime drake's attack.
The rime drake breathes ice at you. The icy flash freeze hits you!
* * * LOW HITPOINT WARNING * * *
You are encased in ice.
The rime drake attacks as you move away!
You block the rime drake's attack. The komodo dragon bites you.
* * * LOW HITPOINT WARNING * * *
The ice encasing you melts away. You block the rime drake's attack.
The rime drake attacks as you move away!
The rime drake bites you but does no damage.
There is a stone staircase leading up here.
The rime drake breathes ice at you. The icy flash freeze hits you!!
You die...

###.P#..## ......#
#.)...^######)..####.
##.P..#......)........
#...........##.#...#.
#.^...##.#.###.## #########
#..P.###...P##..#####.....##
#..#.# #.#.###..#.....D....#
#..........P#...##..#...#P.#
#.....##P..###@.##.#######.#
#..... ###.. #k###.#### #.#
..#.... ... #.D#.D...####.##
.>. . #..##..l.......##..#
..# .####.#...#...##.## .
###...###.##.#
.##..#....#.##
.......#.....# ∆
.......##..##


You could see a seven-headed hydra, a komodo dragon and a rime drake (catching
breath).

Vanquished Creatures
  Erica (Lair:2)
  A centaur warrior (D:10)
  3 two-headed ogres
  Pikel (D:8)
  A cyclops (D:7)
  2 black mambas (Lair:1)
  Joseph (D:8)
  Maggie (D:8)
  A gargoyle (D:10)
  6 cane toads (Lair:1)
  2 komodo dragons
  A rime drake (Lair:1)
  A troll (D:8)
  Prince Ribbit (Lair:2)
  9 blink frogs
  2 shadows (D:10)
  A vampire (D:10)
  23 yaks
  A steam dragon (Lair:2)
  Menkaure (D:5)
  2 vampire mosquitoes (D:9)
  3 nagas (Lair:2)
  An acid dragon (D:10)
  2 wargs (D:10)
  7 water moccasins
  An ice beast (D:7)
  6 orc warriors
  2 sky beasts
  3 black bears
  3 ogres
  9 wolves
  9 centaurs
  2 lemures (D:8)
  A phantom (D:3)
  A kobold brigand (D:9)
  6 bullfrogs
  2 scorpions (D:7)
  A gnoll sergeant (D:9)
  9 wights
  5 killer bees (D:9)
  An electric eel (D:8)
  5 howler monkeys
  3 hounds
  Crazy Yiuf (D:4)
  2 sleepcaps
  5 orc priests
  8 orc wizards
  2 iguanas
  8 gnolls
  8 adders
  3 shadow imps
  2 white imps
  An ufetubus (D:5)
  A worm (D:3)
  A dart slug (D:2)
  40 orcs
  5 bats
  7 endoplasms
  6 giant cockroaches
  9 goblins
  5 hobgoblins
  5 jackals
  15 kobolds
  4 quokkas
  8 ball pythons
  3 frilled lizards
  7 rats (D:1)
300 creatures vanquished.

Vanquished Creatures (others)
  An orc wizard (D:7)
  5 fungi
  16 plants
22 creatures vanquished.

Grand Total: 322 creatures vanquished

Notes
Turn   | Place    | Note
-------+----------+-------------------------------------------
     0 | D:1      | mandoloar the Gnoll Earth Elementalist began the quest for
                  | the Orb.
     0 | D:1      | Reached XP level 1. HP: 13/13 MP: 6/6
   237 | D:1      | Reached XP level 2. HP: 19/19 MP: 4/7
   587 | D:1      | Reached skill level 5 in Spellcasting
   587 | D:1      | Reached XP level 3. HP: 25/25 MP: 4/9
   984 | D:1      | Reached skill level 1 in Invocations
  1406 | D:2      | Reached skill level 1 in Fighting
  1406 | D:2      | Reached skill level 1 in Short Blades
  1406 | D:2      | Reached skill level 1 in Long Blades
  1406 | D:2      | Reached skill level 1 in Axes
  1406 | D:2      | Reached skill level 1 in Maces & Flails
  1406 | D:2      | Reached skill level 1 in Polearms
  1406 | D:2      | Reached skill level 1 in Staves
  1406 | D:2      | Reached skill level 1 in Ranged Weapons
  1406 | D:2      | Reached skill level 1 in Throwing
  1406 | D:2      | Reached skill level 1 in Armour
  1406 | D:2      | Reached skill level 1 in Shields
  1406 | D:2      | Reached skill level 1 in Unarmed Combat
  1406 | D:2      | Reached skill level 1 in Evocations
  1474 | D:1      | Reached XP level 4. HP: 13/32 MP: 8/11
  1602 | D:2      | Learned a level 3 spell: Stone Arrow
  1891 | D:2      | Found a blossoming altar of Fedhas.
  2136 | D:2      | Reached skill level 1 in Conjurations
  2136 | D:2      | Reached skill level 1 in Hexes
  2136 | D:2      | Reached skill level 1 in Summonings
  2136 | D:2      | Reached skill level 1 in Necromancy
  2136 | D:2      | Reached skill level 1 in Translocations
  2136 | D:2      | Reached skill level 1 in Fire Magic
  2136 | D:2      | Reached skill level 1 in Ice Magic
  2136 | D:2      | Reached skill level 1 in Air Magic
  2136 | D:2      | Reached skill level 1 in Poison Magic
  2192 | D:2      | Reached XP level 5. HP: 34/37 MP: 1/12
  3217 | D:3      | Found a transporter.
  3336 | D:3      | Found a transporter.
  4190 | D:4      | Identified the +2 short sword "Ennalyal" {freeze, Int+4}
  4206 | D:4      | Found a shimmering blue altar of Sif Muna.
  4206 | D:4      | Found a shimmering altar of Xom.
  4207 | D:4      | Found an iron altar of Okawaru.
  4333 | D:4      | Noticed an ogre
  4428 | D:4      | Noticed an ogre
  4588 | D:4      | Killed an ogre
  4589 | D:4      | Reached skill level 5 in Dodging
  4589 | D:4      | Reached XP level 6. HP: 44/44 MP: 0/14
  4870 | D:4      | Found a broken altar of Ashenzari.
  4909 | D:4      | Noticed a black bear
  4915 | D:4      | Killed a black bear
  4916 | D:4      | Reached XP level 7. HP: 50/50 MP: 5/15
  5255 | D:4      | Found a hazy altar of Hepliaklqana.
  5379 | D:4      | Found a runed translucent door.
  5380 | D:4      | Noticed Crazy Yiuf
  5385 | D:4      | Killed Crazy Yiuf
  5566 | D:5      | Entered Level 5 of the Dungeon
  5597 | D:5      | Noticed Menkaure
  5678 | D:5      | Reached skill level 5 in Stealth
  5820 | D:5      | Killed Menkaure
  6480 | D:5      | Found a runed translucent gate.
  6484 | D:5      | Found a runed translucent gate.
  6485 | D:5      | Found a runed translucent gate.
  6626 | D:5      | Reached XP level 8. HP: 21/58 MP: 13/16
  6776 | D:5      | Noticed Valamore's ghost (novice DjCK)
  8425 | D:6      | Found a blossoming altar of Fedhas.
  9181 | D:7      | Reached XP level 9. HP: 36/65 MP: 11/18
  9595 | D:7      | Found an ornate altar of the Wu Jian Council.
  9733 | D:7      | Found a bloodstained altar of Trog.
  9770 | D:7      | Found a staircase to the Ecumenical Temple.
  9779 | Temple   | Entered the Ecumenical Temple
  9847 | Temple   | Became a worshipper of Vehumet
 10439 | D:7      | Noticed a cyclops
 10449 | D:7      | Killed a cyclops
 10450 | D:7      | Reached skill level 5 in Invocations
 10888 | D:8      | Found a staircase to the Lair.
 11054 | D:8      | Reached * piety under Vehumet
 11054 | D:8      | Offered knowledge of Shock by Vehumet.
 11185 | D:8      | Reached skill level 5 in Fighting
 11185 | D:8      | Reached skill level 5 in Short Blades
 11185 | D:8      | Reached skill level 5 in Long Blades
 11185 | D:8      | Reached skill level 5 in Axes
 11185 | D:8      | Reached skill level 5 in Maces & Flails
 11185 | D:8      | Reached skill level 5 in Polearms
 11185 | D:8      | Reached skill level 5 in Staves
 11185 | D:8      | Reached skill level 5 in Ranged Weapons
 11185 | D:8      | Reached skill level 5 in Throwing
 11185 | D:8      | Reached skill level 5 in Armour
 11185 | D:8      | Reached skill level 5 in Shields
 11185 | D:8      | Reached skill level 5 in Unarmed Combat
 11185 | D:8      | Reached skill level 5 in Evocations
 11185 | D:8      | Reached XP level 10. HP: 74/74 MP: 12/20
 11204 | D:8      | Found a burning altar of Makhleb.
 11551 | D:8      | Noticed Joseph
 12253 | D:8      | Killed Joseph
 12418 | D:8      | Reached skill level 5 in Air Magic
 12419 | D:8      | Reached skill level 5 in Transmutations
 12680 | D:8      | Noticed Maggie
 12685 | D:8      | Killed Maggie
 13155 | D:8      | Noticed Pikel
 13288 | D:8      | Killed Pikel
 13995 | D:9      | Noticed a two-headed ogre
 14002 | D:8      | Killed a two-headed ogre
 14171 | D:9      | Reached skill level 5 in Conjurations
 14171 | D:9      | Reached skill level 5 in Hexes
 14171 | D:9      | Reached skill level 5 in Summonings
 14171 | D:9      | Reached skill level 5 in Necromancy
 14171 | D:9      | Reached skill level 5 in Translocations
 14171 | D:9      | Reached skill level 5 in Fire Magic
 14171 | D:9      | Reached skill level 5 in Ice Magic
 14171 | D:9      | Reached skill level 5 in Poison Magic
 14176 | D:9      | Reached XP level 11. HP: 77/81 MP: 9/22
 14728 | D:9      | Offered knowledge of Magic Dart by Vehumet.
 14740 | D:9      | Reached ** piety under Vehumet
 15636 | D:10     | Entered Level 10 of the Dungeon
 15767 | D:10     | Found Derarcheahu's Distillery.
 15911 | D:10     | Noticed a two-headed ogre
 15928 | D:10     | Killed a two-headed ogre
 16163 | D:10     | Noticed a centaur warrior
 16184 | D:10     | Killed a centaur warrior
 16439 | D:10     | Noticed Erolcha
 16484 | D:10     | Noticed a two-headed ogre
 16503 | D:10     | Killed a two-headed ogre
 16846 | D:10     | Offered knowledge of Inner Flame by Vehumet.
 17696 | D:10     | Reached XP level 12. HP: 90/91 MP: 12/24
 17698 | D:10     | Reached *** piety under Vehumet
 17803 | D:10     | Found a staircase to the Orcish Mines.
 18207 | Lair:1   | Entered Level 1 of the Lair of Beasts
 19730 | Lair:1   | You fall into a shaft and drop 1 floor!
 19761 | Lair:2   | Noticed Prince Ribbit
 19769 | Lair:2   | Killed Prince Ribbit
 19917 | Lair:2   | Offered knowledge of Airstrike by Vehumet.
 20024 | Lair:1   | Noticed Gastronok
 20411 | Lair:2   | Noticed Erica
 20419 | Lair:2   | Killed Erica
 20499 | Lair:2   | Found a staircase to the Snake Pit.
 20667 | Lair:2   | Noticed a seven-headed hydra
 20695 | Lair:2   | HP: 4/92 [rime drake/icy flash freeze (11)]
 20703 | Lair:2   | Killed from afar by a rime drake

Illustrated notes

Levels and vault maps discovered:
D:1:      matt_arrival_debris, layout_basic, minmay_split_cup_large
D:2:      layout_basic, basic_altar
D:3:      gammafunk_wand_slinger, layout_basic
D:4:      layout_rooms, cheibrodos_ashenzari_chains,
          gammafunk_temple_overflow_claw, nicolae_hepliaklqana_hippocampus,
          uniq_crazy_yiuf_cottage
D:5:      layout_basic, gammafunk_ghost_split, serial_bayou_ford_a,
          uniq_menkaure
D:6:      layout_basic, kennysheep_mini, chequers_serial_rivers_large_b
D:7:      layout_rooms, marbit_many_paths, mainiacjoe_overflow_24_doors,
          minmay_temple_entry_waves, minmay_manual_maat
D:8:      layout_loops_ring, mainiacjoe_overflow_catwalk, erik_lair_island,
          enter_bailey_3, uniq_pikel, uniq_maggie, uniq_joseph
D:9:      layout_roguey
D:10:     layout_layer_cave, david_orc_1_choice, serial_shops, shop,
          uniq_erolcha
Temple:   hellmonk_temple_forest_ring
Lair:1:   layout_hall_layers, nzn_random_ring, serial_bayou_shore_b,
          uniq_gastronok
Lair:2:   layout_loops_ring, minmay_snake_entry_guardpost_small,
          gammafunk_ghost_wrathful_warriors, enter_volcano_1, uniq_erica,
          uniq_prince_ribbit2

Skill      XL: |  1  2  3  4  5  6  7  8  9 10 11 12 |
---------------+-------------------------------------+-----
Transmutations | 2 3 4 5 6 7 |  7.0
Spellcasting   | 5 6 7 8 9 |  9.4
Invocations    | 1 2 3 4 5 6 7 8 |  8.7
Fighting       | 1 2 3 4 5 6 7 |  7.9
Short Blades   | 1 2 3 4 5 6 7 |  7.9
Long Blades    | 1 2 3 4 5 6 7 |  7.9
Axes           | 1 2 3 4 5 6 7 |  7.9
Maces & Flails | 1 2 3 4 5 6 7 |  7.9
Polearms       | 1 2 3 4 5 6 7 |  7.9
Staves         | 1 2 3 4 5 6 7 |  7.9
Ranged Weapons | 1 2 3 4 5 6 7 |  7.9
Throwing       | 1 2 3 4 5 6 7 |  7.9
Armour         | 1 2 3 4 5 6 7 |  7.9
Shields        | 1 2 3 4 5 6 7 |  7.9
Unarmed Combat | 1 2 3 4 5 6 7 |  7.9
Evocations     | 1 2 3 4 5 6 7 |  7.9
Conjurations   | 1 2 3 4 5 6 |  6.6
Hexes          | 1 2 3 4 5 6 |  6.6
Summonings     | 1 2 3 4 5 6 |  6.6
Necromancy     | 1 2 3 4 5 6 |  6.6
Translocations | 1 2 3 4 5 6 |  6.6
Fire Magic     | 1 2 3 4 5 6 |  6.6
Ice Magic      | 1 2 3 4 5 6 |  6.6
Air Magic      | 1 2 3 4 6 7 8 |  8.6
Poison Magic   | 1 2 3 4 5 6 |  6.6
Dodging        | 5 6 7 8 9 |  9.2
Stealth        | 5 6 7 8 9 |  9.0
Earth Magic    | 6 7 8 |  8.7

Action                     |  1- 3 |  4- 6 |  7- 9 | 10-12 || total
---------------------------+-------+-------+-------+-------++-------
  Melee: Short sword       |       |       |    28 |     7 ||    35
         Bite              |       |       |     4 |     1 ||     5
   Cast: Sandblast         |    52 |    46 |    69 |   137 ||   304
         Stone Arrow       |       |    21 |    78 |   227 ||   326
    Use: Scroll            |       |     9 |    10 |     2 ||    21
         Potion            |       |       |       |     1 ||     1
 Armour: Robe              |     7 |     6 |    23 |     3 ||    39
         Acid dragon scale |       |       |       |    54 ||    54
  Dodge: Dodged            |    12 |    18 |    80 |   152 ||   262
  Block: Other             |       |       |       |    19 ||    19

Table legend: (Time is in decaauts)
 A = Elapsed time spent in this place.
 B = Non-inter-level travel time spent in this place.
 C = Inter-level travel time spent in this place.
 D = Time resting spent in this place.
 E = Time spent auto-exploring this place.
 F = Levels seen in this place.
 G = Mean time per level.
                   A        B        C        D        E       F      G
               +--------+--------+--------+--------+--------+-----+--------+
         Total |  20930 |  19616 |   1314 |   8119 |   8537 |  13 | 1610.0 |
       Dungeon |  18233 |  16961 |   1272 |   6851 |   7588 |  10 | 1823.3 |
        Temple |    169 |    152 |     17 |      0 |    137 |   1 |  169.0 |
          Lair |   2526 |   2502 |     24 |   1267 |    811 |   2 | 1263.0 |
               +--------+--------+--------+--------+--------+-----+--------+

Top non-repeatable levels by time:
     D:8: 2552 daAuts
     D:7: 2331 daAuts
    D:10: 2324 daAuts
     D:6: 2075 daAuts
     D:9: 1687 daAuts
     D:1: 1564 daAuts
  Lair:1: 1550 daAuts
     D:3: 1550 daAuts
     D:5: 1446 daAuts
     D:4: 1418 daAuts
     D:2: 1282 daAuts
  Lair:2: 976 daAuts
  Temple: 169 daAuts
